 Dungeon Crawl Stone Soup version 0.29.0-4-gdea44cf6ec (webtiles) character file.

Game seed: 5510596046125436073

400 Descartes the Shield-Bearer (level 7, -1/55 HPs)
             Began as a Formicid Fighter on Aug 27, 2022.
             Slain by Dowan
             ... wielding a +0 dagger
              (4 damage)
             ... on level 4 of the Dungeon.
             The game lasted 00:07:07 (2577 turns).

Descartes the Shield-Bearer (Formicid Fighter)      Turns: 2577, Time: 00:07:08

Health: -1/55      AC:  7    Str: 22    XL:     7   Next: 10%
Magic:  7/7        EV:  6    Int:  8    God:
Gold:   222        SH:  6    Dex: 18    Spells: 6/6 levels left

rFire   + . .      SeeInvis +   l - +5 whip of Righteous Fury {freeze, *Corrode rF+ Will+ Dex+5}
rCold   . . .      Faith    .   c - +0 buckler
rNeg    . . .      Spirit   .   e - +0 plate armour
rPois   .          Reflect  .   (helmet unavailable)
rElec   .          Harm     .   (no cloak)
rCorr   .          Rampage  .   (no gloves)
Will    +....                   (no boots)
Stlth   ..........              h - amulet of regeneration
HPRegen 0.98/turn               (no ring)
MPRegen 0.10/turn               (no ring)

@: corroded
A: permanent stasis, dig shafts and tunnels, antennae 3, four strong arms
a: Dig, Shaft Self


You were on level 4 of the Dungeon.
You visited 1 branch of the dungeon, and saw 4 of its levels.

You collected 222 gold pieces.

Inventory:

Hand Weapons
 a - a +0 war axe
 l - the +5 whip of Righteous Fury (weapon) {freeze, *Corrode rF+ Will+ Dex+5}
   (You found it on level 2 of the Dungeon)

   It freezes those it strikes, dealing additional cold damage.
   It can also slow down cold-blooded creatures.
   Dex:       It affects your dexterity (+5).
   rF:        It protects you from fire.
   *Corrode:  It may corrode you when you take damage.
   Will:      It increases your willpower.
 C - a +0 hand axe of pain
Missiles
 q - 4 boomerangs
 v - 14 stones
 z - 6 atropa-tipped darts
Armour
 c - a +0 buckler (worn)
 e - a +0 plate armour (worn)
 w - the +1 leather armour "Puissy" {+Blink rPois SInv}
   (You found it on level 3 of the Dungeon)

   rPois:     It protects you from poison.
   SInv:      It lets you see invisible.
   +Blink:    It lets you blink.
Jewellery
 f - an amulet of magic regeneration
 h - an amulet of regeneration (around neck)
Scrolls
 j - a scroll of brand weapon {unknown}
 k - a scroll of vulnerability {unknown}
 m - 2 scrolls of identify {unknown}
 n - a scroll of poison {unknown}
 o - 2 scrolls of butterflies {unknown}
 p - a scroll of torment {unknown}
 s - a scroll of teleportation {unknown}
 u - 2 scrolls of blinking {unknown}
 y - a scroll of enchant weapon {unknown}
Potions
 b - a potion of brilliance {unknown}
 d - a potion of might
 g - a potion of haste {unknown}
 i - 2 potions of invisibility
 t - a potion of heal wounds {unknown}
 x - a potion of curing {unknown}
 A - a potion of flight {unknown}
 B - a potion of degeneration {unknown}


   Skills:
 + Level 4.3 Fighting
 + Level 3.1(3.8) Axes
 + Level 2.1(3.0) Maces & Flails
 + Level 2.3(3.1) Polearms
 + Level 4.3 Armour
 + Level 5.2 Shields
 + Level 2.4 Evocations


You had 6 spell levels left.
You didn't know any spells.
Your spell library contained the following spells:

 Spells                   Type           Power      Damage    Failure   Level
 Freeze                   Ice            0%         1d3       100%        1
 Frozen Ramparts          Ice            0%         1d1       100%        3
 Cause Fear               Hex            0%         N/A       100%        4
 Hailstorm                Conj/Ice       0%         3d3       100%        4
 Dragon Form              Tmut           0%         N/A       100%        7
 Dragon's Call            Summ           0%         N/A       100%        9


Dungeon Overview and Level Annotations

Branches:
Dungeon (4/15)
 Temple: D:4-7

Altars:
Trog

Annotations:
D:1 2 runed translucent doors
D:4 Dowan, Duvessa


Innate Abilities, Weirdness & Mutations

You cannot be hasted, slowed, berserked, paralysed or teleported.
You can dig through walls and to a lower floor.
You have a pair of large antennae on your head. (SInv)
Your four strong arms can wield two-handed weapons with a shield.


Message History

It was a potion of invisibility.
You fade into invisibility!
You block Duvessa's attack. The kobold barely misses you.
Dowan hits you with a +0 dagger.
* * * LOW HITPOINT WARNING * * *
It was a potion of cancellation.
Your magical effects are unravelling.
You feel magically purged.
You flicker back into view.
You feel a little less mighty now.
You are no longer corroded.
Duvessa hits you but does no damage. Duvessa hits you with a +0 short sword.
* * * LOW HITPOINT WARNING * * *
The kobold hits you with a +0 club.
* * * LOW HITPOINT WARNING * * *
Dowan hits you but does no damage.
You hit Duvessa. You freeze Duvessa.
Duvessa is almost dead.
Duvessa closely misses you. Dowan hits you with a +0 dagger.
* * * LOW HITPOINT WARNING * * *
The kobold hits you but does no damage.
Unknown command.
You hit Duvessa but do no damage.
Duvessa is almost dead.
Duvessa hits you with a +0 short sword.
* * * LOW HITPOINT WARNING * * *
Duvessa completely misses you. You block the kobold's attack.
Dowan hits you with a +0 dagger.
* * * LOW HITPOINT WARNING * * *
You hit Duvessa but do no damage.
Duvessa is almost dead.
Duvessa hits you but does no damage. The kobold hits you but does no damage.
Dowan barely misses you.
You completely miss Duvessa.
Duvessa is severely wounded.
You block Duvessa's attack. x2; The kobold hits you with a +0 club.
* * * LOW HITPOINT WARNING * * *
Your corrosive artefact corrodes you!
Dowan says, "My weaknesses are her strengths!"
Dowan hits you with a +0 dagger.
You die...

#.....)....#........
#.#...)..###........ .
#....)...#.#.).... ..
#.##....#(........
.....###.......#......
#..##.........#......
##..........#.......#
#.....eeK#..##{..#..#
#......@.##..##{....#
........##..## .......
..#...... ..# .......
###........ .......
#........ ......#
#.#..... ......#
###...... ........


You could see Duvessa (fast), Dowan and a kobold.

Vanquished Creatures
  Menkaure (D:4)
  A hound (D:4)
  An iguana (D:4)
  Jessica (D:2)
  3 orc wizards
  3 adders
  3 worms
  2 dart slugs
  8 orcs
  5 bats
  7 endoplasms
  6 giant cockroaches
  2 hobgoblins
  4 jackals (D:2)
  A quokka (D:2)
  9 ball pythons
  2 frilled lizards
  5 goblins
  3 kobolds
  13 rats
80 creatures vanquished.

Notes
Turn   | Place    | Note
-------+----------+-------------------------------------------
     0 | D:1      | Descartes the Formicid Fighter began the quest for the Orb.
     0 | D:1      | Reached XP level 1. HP: 18/18 MP: 1/1
    58 | D:1      | Found a large runed translucent door.
    58 | D:1      | Found a large runed translucent door.
    98 | D:1      | Noticed an ogre
    99 | D:1      | Noticed an ogre
    99 | D:1      | Noticed an ogre
   100 | D:1      | Noticed an ogre
   286 | D:1      | Reached XP level 2. HP: 24/24 MP: 2/2
   661 | D:1      | Reached XP level 3. HP: 29/29 MP: 3/3
  1045 | D:2      | Identified the +5 whip of Righteous Fury {freeze, *Corrode
                  | rF+ Will+ Dex+5}
  1077 | D:2      | Reached skill level 1 in Polearms
  1079 | D:2      | Reached skill level 1 in Evocations
  1210 | D:2      | Reached XP level 4. HP: 36/36 MP: 4/4
  1321 | D:2      | Found a faded altar of an unknown god.
  1400 | D:2      | Reached skill level 1 in Maces & Flails
  1459 | D:2      | Noticed Jessica
  1463 | D:2      | Killed Jessica
  1860 | D:3      | Identified the +1 leather armour "Puissy" {+Blink rPois
                  | SInv}
  1868 | D:3      | Reached XP level 5. HP: 42/42 MP: 5/5
  2146 | D:3      | Found a bloodstained altar of Trog.
  2441 | D:4      | Noticed Menkaure
  2448 | D:4      | Killed Menkaure
  2449 | D:4      | Reached skill level 5 in Shields
  2449 | D:4      | Reached XP level 6. HP: 46/48 MP: 6/6
  2530 | D:4      | Reached XP level 7. HP: 52/54 MP: 7/7
  2549 | D:4      | Noticed Duvessa
  2549 | D:4      | Noticed Dowan
  2575 | D:4      | HP: 2/55 [Dowan/+0 dagger (3)]
  2577 | D:4      | Slain by Dowan

Illustrated notes

Levels and vault maps discovered:
D:1:      erik_arrival_cave_to_civilisation [erik_arrival_cave_to_temple],
          layout_rooms, corexii_corridor_pit, grunt_decor_mini_mirrors,
          minmay_rat_gold_closets
D:2:      layout_basic, hellmonk_ecumenical_altar_zigzags,
          kennysheep_jessica_study
D:3:      layout_loops_cross, nicolae_overflow_crystal_walls
D:4:      layout_cave_pools, nicolae_wu_jian_glorious_leap, fedhas_altar_4,
          lemuel_mausoleum_altar_kikubaaqudgha, serial_shops,
          nicolae_shop_bloodbath_and_beyond, chequers_decorated_corner,
          nicolae_shop_vocational, uniq_pikel, uniq_duvessa, uniq_menkaure

Skill      XL: |  1  2  3  4  5  6 |
---------------+-------------------+-----
Polearms       | 1 2 |  2.3
Evocations     | 1 2 |  2.4
Maces & Flails | 1 2 |  2.1
Fighting       | 4 |  4.3
Armour         | 4 |  4.3
Shields        | 5 |  5.2
Axes           | 3 |  3.1

Action                   |  1- 3 |  4- 6 |  7- 9 || total
-------------------------+-------+-------+-------++-------
Melee: War axe           |    67 |       |       ||    67
       Whip              |     9 |    84 |    27 ||   120
  Use: Potion            |       |       |     3 ||     3
Armor: Plate armour      |    54 |    36 |    18 ||   108
Dodge: Dodged            |    22 |    23 |    13 ||    58
Block: Buckler           |    21 |    19 |    15 ||    55
